| TOP OF THE 1ST |
|
Boston Red Sox batting - Pitching for Milwaukee Brewers : LHP Tim Hankins
|
|
Pitching: LHP Tim Hankins
|
|
|
Batting: RHB Jim Williamson
|
0-0: Ball 1-0: Swinging Strike 1-1: Foul Ball, location: 9LMF 1-2: Ground out 3-1 (Groundball, 34S, EV 60.6 MPH)
|
|
Batting: LHB Rafael Devers
|
0-0: Called Strike 0-1: Ground out 6-3 (Groundball, 6M, EV 87.5 MPH)
|
|
Batting: RHB Patrick Vitzhum
|
0-0: Swinging Strike 0-1: Ball 1-1: Foul Ball, location: 2F 1-2: DOUBLE (Line Drive, 9LM, EV 106.3 MPH)
|
|
Batting: RHB Cristián Colón
|
0-0: Ball 1-0: DOUBLE (Line Drive, 3D, EV 101.9 MPH) Patrick Vitzhum scores
|
|
Batting: RHB Nelson Martínez
|
0-0: Ball 1-0: Ball 2-0: Ball Wild Pitch! Cristián Colón to third 3-0: Called Strike 3-1: Swinging Strike 3-2: Strikes out swinging
|
| Top of the 1st over - 1 run, 2 hits, 0 errors, 1 left on base; Boston 1 - Milwaukee 0 |
| BOTTOM OF THE 1ST |
|
Milwaukee Brewers batting - Pitching for Boston Red Sox : RHP Tony Nava
|
|
Pitching: RHP Tony Nava
|
|
|
Batting: RHB Jorge Gutiérrez
|
0-0: Ball 1-0: Foul Ball, location: 2F 1-1: Ball 2-1: Swinging Strike 2-2: Ball 3-2: Strikes out swinging
|
|
Batting: RHB Jim Smith
|
0-0: Hit by Pitch
|
|
Batting: LHB Billy Wood
|
0-0: Grounds into double play, 4-6-3 (Groundball, 4, EV 104.4 MPH)
|
| Bottom of the 1st over - 0 runs, 0 hits, 0 errors, 0 left on base; Boston 1 - Milwaukee 0 |
| TOP OF THE 2ND |
|
Boston Red Sox batting - Pitching for Milwaukee Brewers : LHP Tim Hankins
|
|
Batting: SHB Cole Tucker
|
0-0: Ball 1-0: Foul Ball, location: 3DF 1-1: Called Strike 1-2: Ball 2-2: Ball 3-2: Strikes out swinging
|
|
Batting: RHB Steve Potter
|
0-0: Swinging Strike 0-1: Foul Ball, location: 25F 0-2: Strikes out swinging
|
|
Batting: SHB Dan Combs
|
0-0: Called Strike 0-1: Swinging Strike 0-2: Strikes out swinging
|
| Top of the 2nd over - 0 runs, 0 hits, 0 errors, 0 left on base; Boston 1 - Milwaukee 0 |
| BOTTOM OF THE 2ND |
|
Milwaukee Brewers batting - Pitching for Boston Red Sox : RHP Tony Nava
|
|
Batting: RHB Kevin Thompson
|
0-0: Called Strike 0-1: Ball 1-1: Ball 2-1: Ball 3-1: Fly out, F4 (Popup, 4M, EV 65.0 MPH)
|
|
Batting: RHB Tim Campbell
|
0-0: Ball 1-0: Swinging Strike 1-1: Called Strike 1-2: Ball 2-2: Strikes out looking
|
|
Batting: RHB Dave Thomas
|
0-0: Ball 1-0: Swinging Strike 1-1: Ball 2-1: Foul Ball, location: 9LSF 2-2: Foul Ball, location: 2RF 2-2: Ball 3-2: Base on Balls
|
|
Batting: LHB Isan Diaz
|
0-0: Called Strike 0-1: Called Strike 0-2: Ball 1-2: Strikes out swinging
|
| Bottom of the 2nd over - 0 runs, 0 hits, 0 errors, 1 left on base; Boston 1 - Milwaukee 0 |
| TOP OF THE 3RD |
|
Boston Red Sox batting - Pitching for Milwaukee Brewers : LHP Tim Hankins
|
|
Batting: RHB Steve Pratt
|
0-0: Foul Ball, location: 9LDF 0-1: Called Strike 0-2: Strikes out swinging
|
|
Batting: RHB Jim Williamson
|
0-0: Fly out, F8 (Line Drive, 8LM, EV 91.3 MPH)
|
|
Batting: LHB Rafael Devers
|
0-0: Ball 1-0: Ball 2-0: SINGLE (Line Drive, 7S, EV 93.1 MPH)
|
|
Batting: RHB Patrick Vitzhum
|
0-0: SINGLE (Flyball, 56D, EV 84.4 MPH) Rafael Devers to second
|
|
Batting: RHB Cristián Colón
|
0-0: Ball 1-0: Called Strike 1-1: Ball 2-1: Foul Ball, location: 2F 2-2: Fly out, F9 (Flyball, 89D, EV 91.3 MPH)
|
| Top of the 3rd over - 0 runs, 2 hits, 0 errors, 2 left on base; Boston 1 - Milwaukee 0 |
| BOTTOM OF THE 3RD |
|
Milwaukee Brewers batting - Pitching for Boston Red Sox : RHP Tony Nava
|
|
Batting: RHB Christian Arroyo
|
0-0: Ball 1-0: Ball 2-0: Ball 3-0: Base on Balls
|
|
Batting: LHB Reese McGuire
|
0-0: SINGLE (Line Drive, 7S, EV 88.8 MPH) Christian Arroyo to second
|
|
Batting: RHB Jorge Gutiérrez
|
0-0: Grounds into double play, 5-4-3 (Groundball, 56S, EV 90.6 MPH) Christian Arroyo to third
|
|
Batting: RHB Jim Smith
|
0-0: Ball 1-0: Ball 2-0: Ball 3-0: Base on Balls
|
|
Batting: LHB Billy Wood
|
0-0: Fly out, F8 (Line Drive, 8RM, EV 103.1 MPH)
|
| Bottom of the 3rd over - 0 runs, 1 hit, 0 errors, 2 left on base; Boston 1 - Milwaukee 0 |
| TOP OF THE 4TH |
|
Boston Red Sox batting - Pitching for Milwaukee Brewers : LHP Tim Hankins
|
|
Batting: RHB Nelson Martínez
|
0-0: Swinging Strike 0-1: Foul Ball, location: 2F 0-2: Foul Ball, location: 2F 0-2: Ball 1-2: Foul Ball, location: 2F 1-2: Strikes out swinging
|
|
Batting: SHB Cole Tucker
|
0-0: Ball 1-0: Ball 2-0: Ball 3-0: Base on Balls
|
|
Batting: RHB Steve Potter
|
0-0: Ball 1-0: 2-RUN HOME RUN (Flyball, 89XD, EV 108.8 MPH), Distance : 411 ft
|
|
Batting: SHB Dan Combs
|
0-0: Swinging Strike 0-1: Called Strike 0-2: Strikes out swinging
|
|
Batting: RHB Steve Pratt
|
0-0: Called Strike 0-1: Ball 1-1: Ball 2-1: Swinging Strike 2-2: Ball 3-2: Strikes out swinging
|
| Top of the 4th over - 2 runs, 1 hit, 0 errors, 0 left on base; Boston 3 - Milwaukee 0 |
| BOTTOM OF THE 4TH |
|
Milwaukee Brewers batting - Pitching for Boston Red Sox : RHP Tony Nava
|
|
Batting: RHB Kevin Thompson
|
0-0: Ground out 6-3 (Groundball, 6, EV 85.0 MPH)
|
|
Batting: RHB Tim Campbell
|
0-0: Ball 1-0: Foul Ball, location: 2F 1-1: Ground out 3-1 (Groundball, 34, EV 85.6 MPH)
|
|
Batting: RHB Dave Thomas
|
0-0: Foul Ball, location: 7LSF 0-1: Ball 1-1: Fly out, F8 (Flyball, 8RD, EV 95.6 MPH)
|
| Bottom of the 4th over - 0 runs, 0 hits, 0 errors, 0 left on base; Boston 3 - Milwaukee 0 |
| TOP OF THE 5TH |
|
Boston Red Sox batting - Pitching for Milwaukee Brewers : LHP Tim Hankins
|
|
Batting: RHB Jim Williamson
|
0-0: Ball 1-0: Ground out 5-3 (Groundball, 5S, EV 88.8 MPH)
|
|
Batting: LHB Rafael Devers
|
0-0: SINGLE (Line Drive, 78S, EV 100.0 MPH)
|
|
Batting: RHB Patrick Vitzhum
|
0-0: Called Strike 0-1: Foul Ball, location: 25FF 0-2: Ball 1-2: Ball 2-2: Strikes out looking
|
|
Batting: RHB Cristián Colón
|
0-0: Ball 1-0: Called Strike 1-1: Ball 2-1: Fly out, F6 (Popup, 6S, EV 65.0 MPH)
|
| Top of the 5th over - 0 runs, 1 hit, 0 errors, 1 left on base; Boston 3 - Milwaukee 0 |
| BOTTOM OF THE 5TH |
|
Milwaukee Brewers batting - Pitching for Boston Red Sox : RHP Tony Nava
|
|
Batting: LHB Isan Diaz
|
0-0: Fly out, F7 (Line Drive, 7S, EV 85.0 MPH)
|
|
Batting: RHB Christian Arroyo
|
0-0: Swinging Strike 0-1: Fly out, F7 (Flyball, 78M, EV 82.5 MPH)
|
|
Batting: LHB Reese McGuire
|
0-0: Ball 1-0: SINGLE (Groundball, 6MD, EV 103.1 MPH)
|
|
Batting: RHB Jorge Gutiérrez
|
0-0: SINGLE (Groundball, 34D, EV 93.8 MPH) Reese McGuire to second Runner from 2nd tries for 3rd, SAFE, throw by RF made to third Jorge Gutiérrez to second
|
|
Batting: RHB Jim Smith
|
0-0: Called Strike 0-1: Ball 1-1: Ball 2-1: Foul Ball, location: 5F 2-2: Foul Ball, location: 9LSF 2-2: Ball 3-2: Fly out, F6 (Line Drive, 6M, EV 66.3 MPH)
|
| Bottom of the 5th over - 0 runs, 2 hits, 0 errors, 2 left on base; Boston 3 - Milwaukee 0 |
| TOP OF THE 6TH |
|
Boston Red Sox batting - Pitching for Milwaukee Brewers : LHP Tim Hankins
|
|
Batting: RHB Nelson Martínez
|
0-0: Ball 1-0: Ball 2-0: DOUBLE (Line Drive, 7LS, EV 103.1 MPH)
|
|
Batting: SHB Cole Tucker
|
0-0: Ball 1-0: Ground out 5-3 (Groundball, 5L, EV 85.6 MPH) Nelson Martínez to third
|
|
Batting: RHB Steve Potter
|
0-0: Called Strike 0-1: Swinging Strike 0-2: Ball 1-2: Strikes out swinging
|
|
Batting: SHB Dan Combs
|
0-0: Foul Ball, location: 9LSFF 0-1: Ball Steal of home, Nelson Martínez is safe 1-1: Called Strike 1-2: Ball 2-2: DOUBLE (Line Drive, 9LD, EV 110.0 MPH)
|
|
Pitching: RHP Víctor González
|
|
|
Batting: RHB Steve Pratt
|
0-0: Ball 1-0: Swinging Strike 1-1: Swinging Strike 1-2: Strikes out swinging
|
| Top of the 6th over - 1 run, 2 hits, 0 errors, 1 left on base; Boston 4 - Milwaukee 0 |
| BOTTOM OF THE 6TH |
|
Milwaukee Brewers batting - Pitching for Boston Red Sox : RHP Tony Nava
|
|
Batting: LHB Billy Wood
|
0-0: Called Strike 0-1: Ground out 1-3 (Groundball, 13S, EV 72.5 MPH)
|
|
Batting: RHB Kevin Thompson
|
0-0: Ball 1-0: Called Strike 1-1: Fly out, F8 (Flyball, 8LD, EV 110.6 MPH)
|
|
Batting: RHB Tim Campbell
|
0-0: Fly out, F4 (Line Drive, 34D, EV 67.5 MPH)
|
| Bottom of the 6th over - 0 runs, 0 hits, 0 errors, 0 left on base; Boston 4 - Milwaukee 0 |
| TOP OF THE 7TH |
|
Boston Red Sox batting - Pitching for Milwaukee Brewers : RHP Víctor González
|
|
Batting: RHB Jim Williamson
|
0-0: Called Strike 0-1: Fly out, F8 (Flyball, 8RXD, EV 105.0 MPH)
|
|
Batting: LHB Rafael Devers
|
0-0: Swinging Strike 0-1: Ball 1-1: Ball 2-1: Foul Ball, location: 2LF 2-2: Strikes out swinging, 2-3 out at first.
|
|
Batting: RHB Patrick Vitzhum
|
0-0: Called Strike 0-1: Ground out U3 (Groundball, 34, EV 97.5 MPH)
|
| Top of the 7th over - 0 runs, 0 hits, 0 errors, 0 left on base; Boston 4 - Milwaukee 0 |
| BOTTOM OF THE 7TH |
|
Milwaukee Brewers batting - Pitching for Boston Red Sox : RHP Tony Nava
|
|
Batting: RHB Dave Thomas
|
0-0: Ball 1-0: Ball 2-0: Ground out 5-3 (Groundball, 56, EV 88.8 MPH)
|
|
Batting: LHB Isan Diaz
|
0-0: SINGLE (Line Drive, 89S, EV 103.8 MPH)
|
|
Batting: RHB Christian Arroyo
|
0-0: Called Strike 0-1: Grounds into double play, 6-4-3 (Groundball, 6, EV 87.5 MPH)
|
| Bottom of the 7th over - 0 runs, 1 hit, 0 errors, 0 left on base; Boston 4 - Milwaukee 0 |
| TOP OF THE 8TH |
|
Boston Red Sox batting - Pitching for Milwaukee Brewers : RHP Víctor González
|
|
Batting: RHB Cristián Colón
|
0-0: Swinging Strike 0-1: Called Strike 0-2: Ball 1-2: Fly out, F9 (Flyball, 9LSF, EV 96.3 MPH)
|
|
Batting: RHB Nelson Martínez
|
0-0: Called Strike 0-1: Ball 1-1: Foul Ball, location: 5F 1-2: Strikes out swinging
|
|
Batting: SHB Cole Tucker
|
0-0: Called Strike 0-1: Ball 1-1: Called Strike 1-2: Ground out 4-3 (Groundball, 4, EV 103.1 MPH)
|
| Top of the 8th over - 0 runs, 0 hits, 0 errors, 0 left on base; Boston 4 - Milwaukee 0 |
| BOTTOM OF THE 8TH |
|
Milwaukee Brewers batting - Pitching for Boston Red Sox : RHP Tony Nava
|
|
Batting: LHB Reese McGuire
|
0-0: Called Strike 0-1: Ball 1-1: Foul Ball, location: 2F 1-2: Fly out, F8 (Flyball, 8LD, EV 105.0 MPH)
|
|
Batting: RHB Jorge Gutiérrez
|
0-0: Fly out, F7 (Flyball, 78D, EV 96.9 MPH)
|
|
Batting: RHB Jim Smith
|
0-0: Foul Ball, location: 9LSF 0-1: Ball 1-1: Foul Ball, location: 2F 1-2: DOUBLE (Flyball, 78D, EV 99.4 MPH)
|
|
Batting: LHB Billy Wood
|
0-0: Swinging Strike 0-1: Foul Ball, location: 7LSF 0-2: Foul Ball, location: 2F 0-2: Ball 1-2: Ball 2-2: Fly out, F9 (Flyball, 9D, EV 103.1 MPH)
|
| Bottom of the 8th over - 0 runs, 1 hit, 0 errors, 1 left on base; Boston 4 - Milwaukee 0 |
| TOP OF THE 9TH |
|
Boston Red Sox batting - Pitching for Milwaukee Brewers : RHP Víctor González
|
|
Batting: RHB Steve Potter
|
0-0: Foul Ball, location: 2F 0-1: Ground out U3 (Groundball, 34S, EV 87.5 MPH)
|
|
Batting: SHB Dan Combs
|
0-0: Called Strike 0-1: Ball 1-1: Foul Ball, location: 25F 1-2: Ball 2-2: Ground out 6-3 (Groundball, 4M, EV 76.9 MPH)
|
|
Batting: RHB Steve Pratt
|
0-0: Foul Ball, location: 2F 0-1: Ball 1-1: Foul Ball, location: 5FF 1-2: Strikes out swinging
|
| Top of the 9th over - 0 runs, 0 hits, 0 errors, 0 left on base; Boston 4 - Milwaukee 0 |
| BOTTOM OF THE 9TH |
|
Milwaukee Brewers batting - Pitching for Boston Red Sox : RHP Tony Nava
|
|
Batting: RHB Kevin Thompson
|
0-0: SINGLE (Groundball, 56D, EV 103.8 MPH)
|
|
Batting: RHB Tim Campbell
|
0-0: Ball 1-0: Ball 2-0: Ground out 4-3 (Groundball, 34S, EV 92.5 MPH) Kevin Thompson to second
|
|
Pitching: RHP Tristan Robinson
|
|
|
Pinch Hitting: LHB Christian Yelich
|
0-0: Ball 1-0: Called Strike 1-1: Foul Ball, location: 7LSF 1-2: Ground out 4-3 (Groundball, 4, EV 101.9 MPH) Kevin Thompson to third
|
|
Batting: LHB Isan Diaz
|
0-0: Foul Ball, location: 2F 0-1: Ball 1-1: Called Strike 1-2: Ball Wild Pitch! Kevin Thompson scores 2-2: Ball 3-2: Base on Balls
|
|
Batting: RHB Christian Arroyo
|
0-0: Called Strike 0-1: Foul Ball, location: 9LSF 0-2: Strikes out swinging
|
| Bottom of the 9th over - 1 run, 1 hit, 0 errors, 1 left on base; Boston 4 - Milwaukee 1 |
|